 Dungeon Crawl Stone Soup version 0.28-a0-194-g42b4daccc1 (console) character file.

Game seed: 15153113341737205963

86 FIQ the Skirmisher (level 4, -1/35 HPs)
             Began as a Djinni Fire Elementalist on Aug 18, 2021.
             Slain by a gnoll (11 damage)
             ... on level 3 of the Dungeon.
             The game lasted 00:02:46 (3262 turns).

FIQ the Skirmisher (Djinni Fire Elementalist)       Turns: 3262, Time: 00:02:46

Health: -1/35      AC:  2    Str:  7    XL:     4   Next: 78%
Gold:   173        EV: 12    Int: 18    God:
                   SH:  0    Dex: 13

rFire   + + .      SeeInvis .   h - +0 short sword (drain)
rCold   x . .      Faith    .   (no shield)
rNeg    . . .      Spirit   .   a - +0 robe
rPois   ∞          Reflect  .   (no helmet)
rElec   .          Harm     .   (no cloak)
rCorr   .          Rampage  .   (no gloves)
Will    .....                   (boots unavailable)
Stlth   ++........              (no amulet)
HPRegen 0.11/turn               (no ring)
MPRegen 0.00/turn               (no ring)

@: flying
A: sickness immunity, fire resistance 2, cold vulnerability 1, float, innate
caster, hp casting, extra vitality 1
a: no special abilities


You were on level 3 of the Dungeon.
You visited 1 branch of the dungeon, and saw 3 of its levels.

You collected 173 gold pieces.

Inventory:

Hand Weapons
 h - a +0 short sword of draining (weapon)
Armour
 a - a +0 robe (worn)
Scrolls
 b - 6 scrolls of teleportation {unknown}
 c - 4 scrolls of identify {unknown}
 d - a scroll of blinking {unknown}
 e - a scroll of summoning {unknown}
 k - a scroll of fog {unknown}
Potions
 f - 2 potions of curing {unknown}
 g - a potion of invisibility {unknown}
 i - a potion of heal wounds {unknown}
 j - a potion of brilliance {unknown}
 l - 3 potions of attraction {unknown}


   Skills:
 * Level 3.1 Fighting
 - Level 2.1 Dodging
 - Level 1.5 Stealth
 + Level 3.0 Spellcasting


You couldn't memorise any spells.
You knew the following spells:

 Your Spells              Type           Power      Damage    Failure   Level
a - Foxfire               Conj/Fire      52%        2x1d6     4%          1
b - Conjure Flame         Conj/Fire      13%        6-21      14%         3
c - Inner Flame           Hex/Fire       13%        N/A       14%         3
d - Sticky Flame          Conj/Fire      13%        2d4       41%         4
e - Fireball              Conj/Fire      6%         3d5       77%         5
f - Summon Small Mammal   Summ           52%        N/A       4%          1
Your spell library was empty.

Dungeon Overview and Level Annotations

Branches:
Dungeon (3/15)

Altars:
Okawaru

Shops:
D:1 =


Innate Abilities, Weirdness & Mutations

You are immune to sickness and miasma.
You are immune to poison.
Your flesh is very heat resistant. (rF++)
You are vulnerable to cold. (rC-)
You float through the air rather than walking.
You learn spells naturally, not from books.
Your magical power is your life essence.
You have superior vitality. (+4 HP)


Message History

You kill the endoplasm!
You conjure some foxfire!
The foxfire hits the hobgoblin.
The hobgoblin is heavily wounded.
The foxfire hits the goblin.
The goblin is moderately wounded.
The foxfire hits the goblin.
The goblin is almost dead.
You conjure some foxfire!
The foxfire hits the goblin.
You kill the goblin!
You conjure some foxfire!
The foxfire hits the hobgoblin.
You kill the hobgoblin!
The foxfire hits the gnoll.
The gnoll is lightly wounded.
The foxfire hits the gnoll.
The gnoll is moderately wounded.
You conjure some foxfire!
The foxfire hits the gnoll.
The gnoll is moderately wounded.
You conjure some foxfire!
The foxfire hits the goblin.
The goblin is heavily wounded.
The foxfire hits the goblin.
The goblin is severely wounded.
The gnoll hits you from afar with a +3 spear.
The goblin shoots a stone.
The stone misses you.
You conjure some foxfire!
The foxfire hits the goblin.
The goblin is almost dead.
The gnoll hits you from afar with a +3 spear!
The goblin shoots a stone.
The stone hits you but does no damage.
You are too injured to fight recklessly!
Your foxfire dissipates!
The foxfire hits the goblin.
You kill the goblin!
The foxfire hits the gnoll.
The gnoll is heavily wounded.
The gnoll misses you.
Casting: Foxfire (safe; 4% risk of failure)
Confirm with . or Enter, or press ? or * to list all spells.
You conjure some foxfire!
* * * LOW HITPOINT WARNING * * *
The gnoll hits you from afar with a +3 spear!
You die...

≈≈≈≈≈≈≈....≈≈≈≈≈≈≈≈
≈≈≈≈≈≈≈)...≈≈≈≈≈≈≈≈
###
########''#########
..[. #....# .....
#....#
..)..#########....##
.....[....^.#......#
.....)....v.'......+
.....))g.@v.#......#
.....#########....##
... #....# . #)...#
######


You could see a gnoll (ally target).

Vanquished Creatures
  3 adders (D:2)
  A worm (D:2)
  A dart slug (D:2)
  An orc (D:3)
  4 endoplasms
  2 giant cockroaches (D:1)
  11 goblins
  7 hobgoblins
  2 jackals (D:3)
  4 kobolds
  A quokka (D:2)
  3 ball pythons
  5 bats
  A frilled lizard (D:1)
  5 rats
51 creatures vanquished.

Vanquished Creatures (collateral kills)
  2 foxfires (D:3)
2 creatures vanquished.

Vanquished Creatures (others)
  241 foxfires
241 creatures vanquished.

Grand Total: 294 creatures vanquished

Notes
Turn   | Place    | Note
-------+----------+-------------------------------------------
     0 | D:1      | FIQ the Djinni Fire Elementalist began the quest for the
                  | Orb.
     0 | D:1      | Reached XP level 1. HP: 15/15 MP: 0/0
   237 | D:1      | Found a faded altar of an unknown god.
   256 | D:1      | Found Webbuhube's Jewellery Boutique.
   372 | D:1      | Reached skill level 1 in Fighting
   372 | D:1      | Reached XP level 2. HP: 11/22 MP: 0/0
  1375 | D:2      | Reached XP level 3. HP: 18/28 MP: 0/0
  1375 | D:2      | Learned a level 1 spell: Summon Small Mammal
  2012 | D:2      | Reached XP level 4. HP: 32/34 MP: 0/0
  2668 | D:3      | Found an iron altar of Okawaru.
  3262 | D:3      | Slain by a gnoll

Illustrated notes

Levels and vault maps discovered:
D:1:      minmay_arrival_cross, layout_rooms, serial_shops, shop,
          ebering_ecumenical_altar_mist, kennysheep_small_spiral
D:2:      layout_loops_cross
D:3:      minmay_goblin_kobold_castle, layout_loops_corners,
          mainiacjoe_overflow_chevrons, st_stairs_7, minmay_hedge_maze,
          minivault_19, grunt_ministairs_2

Skill      XL: |  1  2  3  4 |
---------------+-------------+-----
Fighting       | 1 2 3 |  3.1
Spellcasting   | 3 |  3.0
Dodging        | |  2.1
Stealth        | |  1.5

Action                   |  1- 3 |  4- 6 || total
-------------------------+-------+-------++-------
Melee: Short sword       |     2 |     1 ||     3
 Cast: Foxfire           |    90 |    67 ||   157
Armor: Robe              |     4 |     2 ||     6
Dodge: Dodged            |    10 |     5 ||    15

Table legend: (Time is in decaauts)
 A = Elapsed time spent in this place.
 B = Non-inter-level travel time spent in this place.
 C = Inter-level travel time spent in this place.
 D = Time resting spent in this place.
 E = Time spent auto-exploring this place.
 F = Levels seen in this place.
 G = Mean time per level.
                   A        B        C        D        E       F      G
               +--------+--------+--------+--------+--------+-----+--------+
         Total |   3261 |   3242 |     19 |      0 |   2929 |   3 | 1087.0 |
       Dungeon |   3261 |   3242 |     19 |      0 |   2929 |   3 | 1087.0 |
               +--------+--------+--------+--------+--------+-----+--------+

Top non-repeatable levels by time:
     D:1: 1349 daAuts
     D:2: 1274 daAuts
     D:3: 637 daAuts
